 Dungeon Crawl Stone Soup version 0.28.0 (webtiles) character file.

Game seed: 12434160712285743872

28 pkoi the Shooter (level 3, -1/31 HPs)
             Began as a Minotaur Hunter on Feb 10, 2022.
             Slain by Sigmund (11 damage)
             ... on level 2 of the Dungeon.
             The game lasted 00:02:30 (1867 turns).

pkoi the Shooter (Minotaur Hunter)                  Turns: 1867, Time: 00:02:31

Health: -1/31      AC:  3    Str: 18    XL:     3   Next: 0%
Magic:  2/2        EV: 11    Int:  8    God:
Gold:   59         SH:  0    Dex: 10    Spells: 2/2 levels left

rFire   . . .      SeeInvis .   a - +1 shortbow
rCold   . . .      Faith    .   (shield currently unavailable)
rNeg    . . .      Spirit   .   c - +0 leather armour
rPois   .          Reflect  .   (helmet restricted)
rElec   .          Harm     .   (no cloak)
rCorr   .          Rampage  .   (no gloves)
Will    .....                   (no boots)
Stlth   +.........              (no amulet)
HPRegen 0.10/turn               (no ring)
MPRegen 0.08/turn               (no ring)

@: no status effects
A: horns 2, retaliatory headbutt
a: no special abilities


You were on level 2 of the Dungeon.
You visited 1 branch of the dungeon, and saw 2 of its levels.

You collected 59 gold pieces.

Inventory:

Hand Weapons
 a - a +1 shortbow (weapon)
 b - a +0 short sword
Missiles
 d - 8 arrows (quivered ammo)
Armour
 c - a +0 leather armour (worn)
 i - a +0 cloak
Scrolls
 e - 2 scrolls of enchant weapon {unknown}
 f - a scroll of holy word {unknown}
 g - a scroll of teleportation
Potions
 h - a potion of mutation {unknown}


   Skills:
 + Level 3.0 Fighting
 * Level 5.0 Bows
 - Level 2.1 Dodging
 + Level 1.4 Stealth


You had 2 spell levels left.
You didn't know any spells.
Your spell library was empty.

Dungeon Overview and Level Annotations

Branches:
Dungeon (2/15)

Altars:

Annotations:
D:2 Sigmund


Innate Abilities, Weirdness & Mutations

You have a pair of horns on your head.
You reflexively headbutt those who attack you in melee.


Message History

You are too injured to fight recklessly!
You are too injured to fight recklessly!
You are too injured to fight recklessly!
You are too injured to fight recklessly!
You are too injured to fight recklessly!
Fire: 13 arrows
Press: ? - help, Q - select action Shift-Dir - straight line, f/p - Sigmund
Aim: Sigmund, wielding a +0 scythe and wearing a +0 robe (57% to hit)
You shoot an arrow. The arrow closely misses Sigmund.
Unknown command.
Fire: 12 arrows
Press: ? - help, Q - select action Shift-Dir - straight line, f/p - Sigmund
Aim: Sigmund, wielding a +0 scythe and wearing a +0 robe (57% to hit)
You shoot an arrow. The arrow hits Sigmund.
Sigmund is lightly wounded.
Sigmund casts a spell at you. You resist with significant effort.
Fire: 11 arrows
Press: ? - help, Q - select action Shift-Dir - straight line, f/p - Sigmund
Aim: Sigmund, wielding a +0 scythe and wearing a +0 robe (lightly wounded, 57% to hit)
You shoot an arrow. The arrow hits Sigmund.
Sigmund is lightly wounded.
Sigmund casts a spell at you. The magic dart hits you!
* * * LOW HITPOINT WARNING * * *
Fire: 10 arrows
Press: ? - help, Q - select action Shift-Dir - straight line, f/p - Sigmund
Aim: Sigmund, wielding a +0 scythe and wearing a +0 robe (lightly wounded, 57% to hit)
You shoot an arrow. The arrow closely misses Sigmund.
Sigmund points at you and mumbles some strange words.
The puff of flame hits you.
* * * LOW HITPOINT WARNING * * *
Fire: 9 arrows
Press: ? - help, Q - select action Shift-Dir - straight line, f/p - Sigmund
Aim: Sigmund, wielding a +0 scythe and wearing a +0 robe (lightly wounded, 57% to hit)
You shoot an arrow.
The arrow hits Sigmund but does no damage.
Sigmund is lightly wounded.
Sigmund hits you from afar with a +0 scythe!
You die...

##### #.(.# #...#
#...######
#(..(....#
#........# .
#.@......##.....
#........##....#
##...@....##....####
#.................
#(........##....#
#.........##....#
#........(##....####
#....#.#..(.....†...
#.#..#.#.###.#######


You could see Sigmund.

Vanquished Creatures
  A worm (D:2)
  2 dart slugs (D:1)
  5 ball pythons
  3 endoplasms (D:1)
  3 giant cockroaches (D:1)
  A quokka (D:1)
  2 bats (D:1)
  A frilled lizard (D:1)
  2 kobolds (D:1)
20 creatures vanquished.

Notes
Turn   | Place    | Note
-------+----------+-------------------------------------------
     0 | D:1      | pkoi the Minotaur Hunter began the quest for the Orb.
     0 | D:1      | Reached XP level 1. HP: 18/18 MP: 0/0
    51 | D:1      | Reached skill level 1 in Stealth
    69 | D:1      | Reached XP level 2. HP: 11/25 MP: 1/1
  1430 | D:2      | Reached skill level 5 in Bows
  1430 | D:2      | Reached XP level 3. HP: 30/31 MP: 2/2
  1430 | D:2      | Noticed Sigmund
  1867 | D:2      | Slain by Sigmund

Illustrated notes

Levels and vault maps discovered:
D:1:      ebering_trefoil_3fold, layout_basic, minmay_misc_feat_five
D:2:      layout_basic, uniq_sigmund

Skill      XL: |  1  2 |
---------------+-------+-----
Stealth        | 1 |  1.4
Fighting       | 3 |  3.0
Bows           | 5 |  5.0
Dodging        | |  2.1

Action                   || total
-------------------------++-------
Melee: Short sword       ||    35
       Headbutt          ||     3
 Fire: Shortbow          ||    15
  Use: Scroll            ||     1
       Potion            ||     3
 Stab: Sleeping          ||     1
Armor: Leather armour    ||    12
Dodge: Dodged            ||    22
